Unix NetHack Version 5.0.0-0 post-release - last build May 10 2026 23:12:36 (d1fa5d53e341ca933230fdaa984d921c805b60aa,branch:main).

Game began 2026-05-13 14:34:46, ended 2026-05-13 14:48:04.

ArrBianca, lawful female dwarven Archeologist

           ..-
           G@h
           ...

ArrBianca the Field Worker  St:11 Dx:9 Co:16 In:16 Wi:13 Ch:10  Lawful
Dlvl:5  $:76 HP:0(40) Pw:14(14) AC:9  Xp:4 T:2254  Stressed

Latest messages:
 The fox bites!
 You kill the fox!
 Welcome to experience level 4.
 You are beginning to feel hungry.
 What do you want to eat? [djlmoprw or ?*] d
 This food really hits the spot!
 You finish eating the food ration.
 You destroy the kobold zombie!
 You see here a kobold corpse.
 You hear crashing rock.
 You miss the newt.
 The newt just misses!
 You kill the newt!
 You are carrying too much to get through.
 You are carrying too much to get through.
 What do you want to drop? [$a-jl-pru-yB-GI or ?*] <space>
 Never mind.
 You see here 9 rocks.
 You swap places with the peaceful gnome.
 You see here a bag.
 You hear crashing rock.
 In what direction? .
 You carefully open the bag...
 It develops a huge set of teeth and bites you!
 The newt bites!
 The gecko bites!
 The newt bites!
 The newt misses!
 The gecko bites!
 You miss the gecko.
 The newt bites!
 The gecko bites!
 The newt bites!
 You kill the gecko!
 The newt bites!
 You miss the newt.
 You kill the newt!
 You swap places with the peaceful gnome.
 You fall down the stairs.
 You stop waiting.
 Your load is too heavy to climb the stairs.
 The bugbear hits!
 You stop waiting.
 You don't have enough stamina to move.
 The bugbear hits!
 The bugbear hits!
 You die...
 Do you want an account of creatures vanquished? [ynaq] (y) y
 Do you want to see your conduct and achievements? [ynq] (n) n
 Do you want to see the dungeon overview? [ynq] (y) y

Inventory:
 Coins    ('$')
  $ - 76 gold pieces
 Weapons  (')')
  x - a +0 dagger
  a - a greased +2 bullwhip (weapon in right hand)
 Armor    ('[')
  c - an uncursed +0 fedora (being worn)
  b - an uncursed +0 leather jacket (being worn)
 Comestibles  ('%')
  j - 2 uncursed heads of romanesco
  d - 4 uncursed food rations
  r - an uncursed partly eaten food ration
  o - an uncursed lembas wafer
  p - an uncursed homemade tin of fox meat
  l - 4 uncursed homemade tins of jackal meat
  w - an uncursed tin of soup made from iguana meat
  m - an uncursed lichen corpse
 Scrolls  ('?')
  E - a blessed scroll of charging
  B - 2 uncursed scrolls of food detection
  i - a cursed scroll of light
 Potions  ('!')
  D - an uncursed potion of booze
  F - 2 uncursed potions of healing
  C - an uncursed potion of oil
  y - an uncursed potion of restore ability
 Wands    ('/')
  I - a blessed wand of light (0:10)
  n - a wand of magic missile (0:2)
 Tools    ('(')
  h - an empty uncursed sack
  v - a can of grease (0:14)
  e - a +0 pick-axe (alternate weapon; not wielded)
  u - an uncursed stethoscope
  f - a tinning kit (0:47)
 Gems/Stones  ('*')
  G - a cursed loadstone
  g - an uncursed touchstone

ArrBianca the Archeologist's attributes:

Background:
 You were a Field Worker, a level 4 female dwarven Archeologist.
 You were lawful, on a mission for Quetzalcoatl
 who was opposed by Camaxtli (neutral) and Huhetotl (chaotic).
 You were right-handed.
 You were in the Gnomish Mines, on level 5.
 You entered the dungeon 2254 turns ago.
 You had 87 experience points, 73 more were needed to attain level 5.

Basics:
 You had 0 out of 40 hit points.
 You had all 14 energy points (spell power).
 Your armor class was 9.
 Your wallet contained 76 zorkmids.
 Autopickup was on for '$?!/="+%' plus thrown, with exceptions.

Final Characteristics:
 Your strength was 11 (limit:18/100).
 Your dexterity was 9 (limit:20).
 Your constitution was 16 (limit:20).
 Your intelligence was 16 (limit:16).
 Your wisdom was 13 (peak:14, limit:16).
 Your charisma was 10 (limit:16).

Final Status:
 You weren't hungry.
 You were stressed; movement was moderately slowed.
 You were wielding a whip.
 You had basic skill with whip.

Final Attributes:
 You were piously aligned.
 You were poison resistant.
 You had automatic searching.
 You had infravision.
 You were lucky.
 You are dead.

Miscellaneous:
 You didn't encounter any bones levels.
 Total elapsed playing time was 13 minutes and 18 seconds.

Major events:
 Turn
    1: ArrBianca the lawful female dwarven Archeologist entered the dungeon
  882: attained the rank of Field Worker (level 3)
 1042: entered the Gnomish Mines
 2254: killed by a bugbear

You didn't know any spells.

Skills:
 Fighting Skills
   bare handed combat [Unskilled]
   two weapon combat  [Unskilled]
   riding             [Unskilled]
 Weapon Skills
   dagger             [Unskilled]
   knife              [Unskilled]
   pick-axe           [Basic]
   short sword        [Unskilled]
   saber              [Unskilled]
   club               [Unskilled]
   quarterstaff       [Unskilled]
   sling              [Unskilled]
   dart               [Unskilled]
   boomerang          [Unskilled]
   whip               [Basic]
   unicorn horn       [Unskilled]
 Spellcasting Skills
   attack spells      [Unskilled]
   healing spells     [Unskilled]
   divination spells  [Unskilled]
   matter spells      [Unskilled]

Voluntary challenges:
 Character rerolling was not enabled.
 You never had a pet.
 You never genocided any monsters.
 You never polymorphed an object.
 You never changed form.
 You used no wishes.
Achievements:
 You attained the rank of Field Worker.
 You entered the Gnomish Mines.

 The Dungeons of Doom: levels 1 to 3
    Level 1:
       A fountain.
    Level 2:
       Stairs down to The Gnomish Mines.
    Level 3:
 The Gnomish Mines: levels 3 to 5
    Level 3:
    Level 4:
    Level 5: <- You were here.
       Final resting place for
          you, killed by a bugbear.


Vanquished creatures:
 an acid blob
  a hobbit
  a large kobold
  a hobgoblin
  a yellow mold
  a green mold
  a gnome
  3 geckos
  7 jackals
  2 foxes
  2 goblins
  2 sewer rats
  9 grid bugs
  2 lichens
  3 kobold zombies
  8 newts
45 creatures vanquished.

No species were genocided or became extinct.

Game over:
                       ----------
                      /          \
                     /    REST    \
                    /      IN      \
                   /     PEACE      \
                  /                  \
                  |    ArrBianca     |
                  |      76 Au       |
                  |   killed by a    |
                  |     bugbear      |
                  |                  |
                  |                  |
                  |       2026       |
                 *|     *  *  *      | *
        _________)/\\_//(\/(/\)/\//\/|_)_______

Goodbye ArrBianca the Archeologist...

You died in The Gnomish Mines on dungeon level 5 with 637 points,
and 76 pieces of gold, after 2254 moves.
You were level 4 with a maximum of 40 hit points when you died.

